 Dungeon Crawl Stone Soup version 0.23.0 (webtiles) character file.

Game seed: 15089419681819750588

438 Gargoyl the Skirmisher (level 6, -1/46 HPs)
             Began as a Centaur Abyssal Knight on Feb 9, 2019.
             Was a Believer of Lugonu.
             Slain by an orc priest
             ... wielding a +0 short sword
              (3 damage)
             ... on level 4 of the Dungeon.
             The game lasted 00:05:44 (4460 turns).

Gargoyl the Skirmisher (Centaur Abyssal Knight)     Turns: 4460, Time: 00:05:45

Health: -1/46      AC:  8    Str: 15    XL:     6   Next: 69%
Magic:  7/7        EV:  7    Int: 16    God:    Lugonu [**....]
Gold:   156        SH:  7    Dex: 10    Spells: 5/5 levels left

rFire    . . .     SeeInvis +   a - +1 hand axe
rCold    . . .     Gourm    .   f - +0 shield
rNeg     . . .     Faith    .   d - +2 leather armour "Rinwogem" {SInv}
rPois    .         Spirit   .   (no helmet)
rElec    .         Reflect  .   h - +1 cloak
rCorr    .         Harm     .   (no gloves)
MR       .....                  (no barding)
Stlth    +.........             (no amulet)
HPRegen  0.15/turn              (no ring)
MPRegen  0.10/turn              (no ring)

@: brilliant, flying, very slightly contaminated, invisible, very quick
A: large, hooves 3, deformed body, speed 2, frail 1, low mp 1, mutation
resistance 1, tough skin 3
a: Depart the Abyss, Bend Space, Renounce Religion


You were on level 4 of the Dungeon.
You worshipped Lugonu.
Lugonu was pleased with you.
You were not hungry.

You visited 1 branch of the dungeon, and saw 4 of its levels.
You visited the Abyss 1 time.

You collected 156 gold pieces.

Inventory:

Hand Weapons
 a - a +1 hand axe (weapon)
Armour
 d - the +2 leather armour "Rinwogem" (worn) {SInv}
   (You found it on level 2 of the Abyss)

   It lets you see invisible.
 f - a +0 shield (worn)
 h - a +1 cloak (worn)
Scrolls
 b - a scroll of identify
 k - a scroll of magic mapping
 n - 2 scrolls of remove curse
Potions
 e - a potion of cancellation
 i - a potion of flight
Comestibles
 c - 8 rations


   Skills:
 + Level 4.0 Fighting
 + Level 3.2 Axes
 * Level 2.7 Armour
 * Level 2.3 Dodging
 + Level 1.2 Shields
 * Level 3.5 Invocations


You had 5 spell levels left.
You didn't know any spells.
Your spell library was empty.

Dungeon Overview and Level Annotations

Branches:
Dungeon (4/15)
 Temple: D:4-7

Altars:
Fedhas
Uskayaw


Innate Abilities, Weirdness & Mutations

You have hooves in place of feet.
Armour fits poorly on your strangely shaped body.
You cover ground very quickly.
You have extremely tough skin. (AC +3)
You are frail. (-10% HP)
Your magical capacity is low. (-10% MP)
You are somewhat resistant to further mutation.


Message History

You're too confused to move!
You feel less confused. The orc wizard casts a spell at you.
The magic dart hits you.
* * * LOW HITPOINT WARNING * * *
The orc wizard hits you with a +0 dagger.
* * * LOW HITPOINT WARNING * * *
The orc wizard casts a spell at you. The puff of flame misses you.
The puff of flame hits the orc wizard.
The orc wizard barely misses you. You block the orc priest's attack.
You closely miss the orc priest.
The orc priest is moderately wounded.
You hit the orc wizard but do no damage.
You catch the helpless orc wizard completely off-guard!
You hit the orc wizard. You barely miss the orc wizard.
The orc wizard gestures at you while chanting.
You resist with some effort. You block the orc wizard's attack.
The orc wizard misses you.
The orc priest hits you with a +0 short sword.
You die...

......##... ..
.........##..
...........#
.........##
.........#
#......... #
#)>...##.#
...##.#oo##.....
......o@o...#
...........##
##............#
#..........###
............#
..........>##
............
.....##.#...#


You could see an orc priest and 3 orc wizards.

Vanquished Creatures
  A howler monkey (D:3)
  3 orc priests
  5 orc wizards (D:3)
  7 adders
  An ooze (D:3)
  An adder skeleton (D:4)
  3 worms
  A dart slug (D:1)
  A leopard gecko (D:3)
  7 orcs
  2 ball pythons
  4 giant cockroaches
  6 goblins
  8 hobgoblins
  11 jackals
  9 bats
  7 frilled lizards
  9 kobolds
  11 rats
97 creatures vanquished.

Vanquished Creatures (others)
  An orc (D:4)
1 creature vanquished.

Grand Total: 98 creatures vanquished

Notes
Turn   | Place    | Note
-------+----------+-------------------------------------------
     0 | Abyss:1  | Gargoyl the Centaur Abyssal Knight began the quest for the
                  | Orb.
     0 | Abyss:1  | Reached XP level 1. HP: 19/19 MP: 2/2
    42 | Abyss:1  | Noticed a tentacled starspawn
   108 | Abyss:2  | Got a translucent leather armour
   119 | Abyss:2  | Identified the +2 leather armour "Rinwogem" {SInv} (You
                  | found it on level 2 of the Abyss)
   119 | Abyss:2  | Noticed a golden eye
   119 | Abyss:2  | Noticed a white ugly thing
   119 | Abyss:2  | Noticed a glowing orange brain
   119 | Abyss:2  | Noticed a smoke demon
   119 | Abyss:2  | Noticed an unseen horror
   119 | Abyss:2  | Noticed an unseen horror
   119 | Abyss:2  | Noticed a large abomination
   120 | D:1      | Escaped the Abyss
   304 | D:1      | Reached XP level 2. HP: 24/26 MP: 3/3
   374 | D:1      | Reached * piety under Lugonu
   613 | D:1      | Reached skill level 1 in Dodging
   613 | D:1      | Reached XP level 3. HP: 29/31 MP: 4/4
  1558 | D:2      | Found a hide-covered altar of Uskayaw.
  1623 | D:2      | Reached XP level 4. HP: 32/40 MP: 5/5
  2202 | D:2      | Found a faded altar of an unknown god.
  2508 | D:2      | Reached ** piety under Lugonu
  3161 | D:3      | Reached XP level 5. HP: 30/46 MP: 7/7
  3733 | D:3      | Reached XP level 6. HP: 52/52 MP: 8/8
  3806 | D:3      | Reached skill level 1 in Shields
  4207 | D:3      | Found a blossoming altar of Fedhas.
  4237 | D:3      | Reached skill level 4 in Fighting
  4457 | D:4      | Gained mutation: Your magical capacity is low. (-10% MP)
                  | [potion of mutation]
  4457 | D:4      | Gained mutation: You are frail. (-10% HP) [potion of
                  | mutation]
  4457 | D:4      | Gained mutation: You are somewhat resistant to further
                  | mutation. [potion of mutation]
  4459 | D:4      | HP: 2/46 [orc wizard/+0 dagger (3)]
  4460 | D:4      | Slain by an orc priest

Skill      XL: |  1  2  3  4  5  6 |
---------------+-------------------+-----
Dodging        | 1 2 |  2.3
Armour         | 2 |  2.7
Axes           | 2 3 |  3.2
Invocations    | 3 |  3.5
Shields        | 1 |  1.2
Fighting       | 4 |  4.0

Action                   |  1- 3 |  4- 6 || total
-------------------------+-------+-------++-------
Melee: Hand axe          |   103 |   207 ||   310
       Kick              |    12 |    33 ||    45
Invok: Depart the Abyss  |     1 |       ||     1
  Use: Scroll            |     3 |     7 ||    10
       Potion            |       |     4 ||     4
 Stab: Invisible         |       |     1 ||     1
  Eat: Chunk             |     1 |     9 ||    10
Armor: Leather armour    |    53 |   142 ||   195
Dodge: Dodged            |    44 |    92 ||   136
Block: Shield            |    22 |   115 ||   137
